 Dungeon Crawl Stone Soup version 0.31-a0-965-g8a8ce12e04 (webtiles) character file.

Game seed: 8337820958448845436

2347 tsujin the Magician (level 9, -11/65 HPs)
             Began as a Djinni Conjurer on Oct 26, 2023.
             Was an Initiate of Ashenzari.
             Mangled by a wyvern (15 damage)
             ... on level 7 of the Dungeon.
             The game lasted 00:22:51 (6491 turns).

tsujin the Magician (Djinni Conjurer)               Turns: 6491, Time: 00:22:52

Health: -11/65     AC:  6    Str:  6    XL:     9   Next: 71%
Gold:   251        EV: 12    Int: 24    God:    Ashenzari [......] SH:  0 Dex: 12

rFire   + + .        c - +5 woodcutter's axe
rCold   x . .        (shield currently unavailable)
rNeg    . . .        n - +0 acid dragon scales
rPois   ∞            (no helmet)
rElec   .            (no cloak)
rCorr   +            (no gloves)
SInv    .            (boots unavailable)
Will    .....        (no amulet)
Stlth   ++           (no ring)
HPRegen 0.30/turn    (no ring)
MPRegen 0.00/turn

%: infuse magic (-12 HP)
@: flying, very slightly contaminated, hasted, studying Evocations, very quick
A: sickness immunity, fire resistance 2, cold vulnerability 1, float, innate
caster, HP casting, extra vitality 1
a: Renounce Religion


You were on level 7 of the Dungeon.
You worshipped Ashenzari.
Ashenzari was noncommittal.
You visited 2 branches of the dungeon, and saw 8 of its levels.
You also visited: Sewer.

You collected 326 gold pieces.
You spent 75 gold pieces at shops.

Inventory:

Hand Weapons
 c - the +5 woodcutter's axe (weapon)
   (You found it on level 3 of the Dungeon)
Armour
 n - +0 acid dragon scales (worn)
Wands
 r - a wand of roots (4)
Scrolls
 f - 2 scrolls of teleportation
 h - a scroll of enchant armour
Potions
 b - a potion of haste
 d - 2 potions of attraction
 e - 3 potions of might
 g - 5 potions of enlightenment {unknown}
 i - 3 potions of curing {unknown}
 j - a potion of brilliance {unknown}
 k - 2 potions of resistance {unknown}
 l - a potion of mutation {unknown}
 m - a potion of invisibility {unknown}
 p - 2 potions of lignification {unknown}


   Skills:
 + Level 5.0 Fighting
 + Level 6.2 Dodging
 + Level 5.1 Stealth
 + Level 7.0 Spellcasting
 + Level 7.0 Conjurations
 + Level 7.0 Hexes
 + Level 7.0 Summonings
 + Level 7.0 Necromancy
 + Level 7.0 Translocations
 + Level 7.0 Transmutations
 + Level 7.0 Fire Magic
 + Level 7.0 Ice Magic
 + Level 7.0 Air Magic
 + Level 7.0 Earth Magic
 + Level 7.0 Poison Magic


You knew the following spells:

 Your Spells              Type           Power      Damage    Failure   Level
a - Magic Dart            Conj           100%       1d8       1%          1
b - Searing Ray           Conj           84%        2d7       1%          2
c - Dazzling Flash        Conj/Hex       84%        N/A       2%          3
d - Fulminant Prism       Conj/Hex       21%        3d12      9%          4
e - Iskenderun's Mystic   Conj/Tloc      42%        2d10      9%          4
f - Freeze                Ice            100%       1d10      1%          1
g - Jinxbite              Hex            84%        N/A       1%          2
h - Call Imp              Summ           84%        N/A       1%          2
i - Tukima's Dance        Hex            42%        N/A       2%          3
Your spell library was empty.

Dungeon Overview and Level Annotations

Branches:
Dungeon (7/15)             Temple (1/1) D:4           Sewer (visited)

Altars:
Ashenzari
Cheibriados
Dithmenos
Elyvilon
Fedhas
Gozag
Hepliaklqana
Makhleb
Nemelex Xobeh
Okawaru
Qazlal
Ru
Trog
Uskayaw
Wu Jian
Xom
Yredelemnul
Zin
The Shining One

Shops:
D:2 (   D:3 *   D:7 *

Annotations:
D:4 2 transporters, GreenGuy14's ghost, amateur DrMo


Innate Abilities, Weirdness & Mutations

You are immune to sickness and miasma.
You are immune to poison.
Your flesh is very heat resistant. (rF++)
You are vulnerable to cold. (rC-)
You float through the air rather than walking.
You learn spells naturally, not from books.
Your magical power is your life essence.
You have superior vitality. (+4 MHP)


Message History

(Press . to maintain the ray.)
Your magical contamination has completely faded away.
Casting: Searing Ray (safe; 1% risk of failure)
Confirm with . or Enter, or press ? or * to list all spells.
You miscast Iskenderun's Mystic Blast.
You are very lightly contaminated with residual magic.
You feel a strange surge of energy!
* * * LOW HITPOINT WARNING * * *
x2 The wyvern bites you.
* * * LOW HITPOINT WARNING * * *
The wyvern misses you.
You feel yourself speed up. The wyvern misses you.
The wyvern attacks as it pursues you!
The wyvern bites you but does no damage.
The wyvern attacks as it pursues you!
The wyvern bites you but does no damage.
The wyvern attacks as it pursues you! The wyvern bites you.
* * * LOW HITPOINT WARNING * * *
Okay, then.
Casting: Iskenderun's Mystic Blast (dangerous; 9% risk of failure)
Confirm with . or Enter, or press ? or * to list all spells.
Okay, then.
Casting: Iskenderun's Mystic Blast (dangerous; 9% risk of failure)
Confirm with . or Enter, or press ? or * to list all spells.
Casting: Dazzling Flash (dangerous; 2% risk of failure)
Press: ? - help, Dir - look around, f - activate
* * * LOW HITPOINT WARNING * * *
The wyvern barely misses you.
Casting: Dazzling Flash (dangerous; 2% risk of failure)
Confirm with . or Enter, or press ? or * to list all spells.
Aiming: Searing Ray (safe; 1% risk of failure)
Press: ? - help, Shift-Dir - straight line, f - wyvern
Aim: a wyvern (heavily wounded, 82% to hit)
The searing ray hits the wyvern.
The wyvern is severely wounded. (Press . to maintain the ray.)
* * * LOW HITPOINT WARNING * * *
The wyvern barely misses you. The wyvern attacks as it pursues you!
The wyvern bites you!
You die...

...##.##...........######
..##...##.##.##.#...#
#.#..##)#.......#...##
#.........##.###.#.#.#.#
#.#.##..#.#.#.##.......#
#.##...##..# #.#.#.#.###
...##.##..## ##.....##
.........#.###.#l#.##
#.####.####.#.##@#.#
#.####.# #.###.#.#
#......# #.....# ..######
##.###.# # ..#
#######...##.#.#
..##...............#
.....#..###....#####
#........###.#.#
#....§...# #.#<#


You could see a wyvern.

Vanquished Creatures
  Maggie (D:6)
  Eustachio (D:5)
  An acid dragon (D:7)
  A black bear (D:4)
  4 ogres
  4 centaurs (D:7)
  3 phantoms
  2 bullfrogs (Sewer)
  A scorpion (D:4)
  A howler monkey (D:5)
  5 hounds
  A jelly (D:6)
  An orc priest (D:4)
  A sleepcap (D:7)
  Jessica (D:3)
  2 iguanas (D:5)
  3 orc wizards (D:4)
  13 adders
  A shadow imp (D:7)
  2 worms
  3 orcs
  10 endoplasms
  11 giant cockroaches
  4 goblins
  2 hobgoblins
  2 jackals (D:1)
  12 quokkas
  19 ball pythons
  7 bats
  17 frilled lizards
  11 kobolds
  7 rats
154 creatures vanquished.

Vanquished Creatures (others)
  50 fulminant prisms
50 creatures vanquished.

Grand Total: 204 creatures vanquished

Notes
Turn   | Place    | Note
-------+----------+-------------------------------------------
     0 | D:1      | tsujin the Djinni Conjurer began the quest for the Orb.
     0 | D:1      | tsujin set off with the following spells memorised: Magic
                  | Dart, Searing Ray, Dazzling Flash, Fulminant Prism,
                  | Iskenderun's Mystic Blast.
     0 | D:1      | Reached XP level 1. HP: 15/15 MP: 0/0
    65 | D:1      | Reached XP level 2. HP: 20/21 MP: 0/0
   111 | D:1      | Found a faded altar of an unknown god.
   400 | D:1      | Reached XP level 3. HP: 16/25 MP: 0/0
   400 | D:1      | Learned a level 1 spell: Freeze
  1579 | D:2      | Reached XP level 4. HP: 25/31 MP: 0/0
  1698 | D:2      | Found Urhutobi's Antique Weapon Emporium.
  1810 | D:3      | Noticed Jessica
  1814 | D:3      | Killed Jessica
  1951 | D:3      | Found the +5 woodcutter's axe
  2120 | D:3      | Reached skill level 1 in Fighting
  2120 | D:3      | Reached XP level 5. HP: 33/37 MP: 0/0
  2120 | D:3      | Learned a level 2 spell: Jinxbite
  2244 | D:3      | Found Pubbat's Assorted Antiques.
  2248 | D:3      | Bought 2 clear potions for 48 gold pieces
  2248 | D:3      | Bought a scroll labelled JEMNEE ITHUAH for 27 gold pieces
  2671 | D:4      | Found a transporter.
  2692 | D:4      | Noticed a steam dragon
  2701 | D:4      | Reached XP level 6. HP: 34/43 MP: 0/0
  2748 | D:4      | Noticed GreenGuy14's ghost (amateur DrMo)
  2755 | D:4      | Found a staircase to the Ecumenical Temple.
  2770 | Temple   | Entered the Ecumenical Temple
  3012 | D:4      | Reached skill level 5 in Spellcasting
  3012 | D:4      | Reached skill level 5 in Conjurations
  3012 | D:4      | Reached skill level 5 in Hexes
  3012 | D:4      | Reached skill level 5 in Summonings
  3012 | D:4      | Reached skill level 5 in Necromancy
  3012 | D:4      | Reached skill level 5 in Translocations
  3012 | D:4      | Reached skill level 5 in Transmutations
  3012 | D:4      | Reached skill level 5 in Fire Magic
  3012 | D:4      | Reached skill level 5 in Ice Magic
  3012 | D:4      | Reached skill level 5 in Air Magic
  3012 | D:4      | Reached skill level 5 in Earth Magic
  3012 | D:4      | Reached skill level 5 in Poison Magic
  3121 | D:4      | Found a transporter.
  3288 | D:4      | Noticed a black bear
  3304 | D:4      | Killed a black bear
  3305 | D:4      | Reached XP level 7. HP: 34/48 MP: 0/0
  3305 | D:4      | Learned a level 2 spell: Call Imp
  3765 | D:5      | Entered Level 5 of the Dungeon
  3910 | D:5      | Reached XP level 8. HP: 23/55 MP: 0/0
  4453 | D:5      | Found a glowing drain.
  4475 | Sewer    | Entered a sewer
  5229 | D:6      | Noticed Eustachio
  5290 | D:5      | Killed Eustachio
  5291 | D:5      | Reached skill level 5 in Dodging
  5291 | D:5      | Reached XP level 9. HP: 37/62 MP: 0/0
  5291 | D:5      | Learned a level 3 spell: Tukima's Dance
  5573 | D:6      | Noticed Maggie
  5591 | D:6      | Killed Maggie
  5777 | D:6      | Found a burning altar of Makhleb.
  5780 | D:6      | Found a shimmering altar of Xom.
  5784 | D:6      | Found an ornate altar of the Wu Jian Council.
  5784 | D:6      | Found a hide-covered altar of Uskayaw.
  5784 | D:6      | Found an opulent altar of Gozag.
  5786 | D:6      | Found a broken altar of Ashenzari.
  5787 | D:6      | Found a hazy altar of Hepliaklqana.
  5792 | D:6      | Became a worshipper of Ashenzari the Shackled
  6081 | D:7      | HP: 2/63 [centaur/arrow (11)]
  6394 | D:7      | Found Koal's Elemental Accessories.
  6406 | D:7      | Reached skill level 5 in Stealth
  6415 | D:7      | Reached skill level 5 in Fighting
  6491 | D:7      | Mangled by a wyvern

Illustrated notes

Levels and vault maps discovered:
D:1:      dpeg_arrival_arbitrary_c, layout_basic, basic_ecumenical_altar
D:2:      layout_basic, serial_shops, nicolae_shop_tiny_statue_garden
D:3:      minmay_razor_zed, layout_basic, serial_shops,
          nicolae_shop_back_alley_shop, uniq_jessica
D:4:      layout_loops_ring, minmay_temple_entry_statues_pillars,
          gammafunk_ghost_arena, hangedman_decor_lopped,
          nicolae_nh_ransacked_shop
D:5:      layout_cave_pools, cheibrodos_sewer_entry_bend
D:6:      layout_cave_pools, minitemple, uniq_maggie, uniq_eustachio
D:7:      layout_loops_ring, nicolae_elemental_shop, minmay_manual_mares
Temple:   nicolae_temple_great_sept

Skill      XL: |  1  2  3  4  5  6  7  8  9 |
---------------+----------------------------+-----
Spellcasting   | 4 5 6 7 |  7.0
Conjurations   | 4 5 6 7 |  7.0
Hexes          | 4 5 6 7 |  7.0
Summonings     | 4 5 6 7 |  7.0
Necromancy     | 4 5 6 7 |  7.0
Translocations | 4 5 6 7 |  7.0
Transmutations | 4 5 6 7 |  7.0
Fire Magic     | 4 5 6 7 |  7.0
Ice Magic      | 4 5 6 7 |  7.0
Air Magic      | 4 5 6 7 |  7.0
Earth Magic    | 4 5 6 7 |  7.0
Poison Magic   | 4 5 6 7 |  7.0
Stealth        | 2 3 4 5 |  5.1
Fighting       | 1 2 4 5 |  5.0
Dodging        | 3 5 6 |  6.2

Action                     |  1- 3 |  4- 6 |  7- 9 || total
---------------------------+-------+-------+-------++-------
  Melee: Unarmed           |       |     1 |       ||     1
   Cast: Magic Dart        |    81 |    64 |    98 ||   243
         Searing Ray       |     3 |    14 |     8 ||    25
         Jinxbite          |       |     1 |       ||     1
         Fulminant Prism   |       |     3 |    47 ||    50
         Iskenderun's Myst |       |       |    12 ||    12
         Call Imp          |       |       |     6 ||     6
         Dazzling Flash    |       |       |     1 ||     1
    Use: Scroll            |     4 |     6 |     6 ||    16
         Potion            |       |     1 |     3 ||     4
 Armour: Robe              |     3 |    29 |    33 ||    65
         Acid dragon scale |       |       |    21 ||    21
  Dodge: Dodged            |     6 |    29 |    60 ||    95

Table legend: (Time is in decaauts)
 A = Elapsed time spent in this place.
 B = Non-inter-level travel time spent in this place.
 C = Inter-level travel time spent in this place.
 D = Time resting spent in this place.
 E = Time spent auto-exploring this place.
 F = Levels seen in this place.
 G = Mean time per level.
                   A        B        C        D        E       F      G
               +--------+--------+--------+--------+--------+-----+--------+
         Total |   6500 |   6158 |    342 |    820 |   4218 |   9 |  722.2 |
       Dungeon |   5994 |   5662 |    332 |    771 |   3917 |   7 |  856.3 |
        Temple |     15 |      5 |     10 |      0 |      0 |   1 |   15.0 |
         Sewer |    489 |    489 |      0 |     49 |    301 |   1 |  489.0 |
               +--------+--------+--------+--------+--------+-----+--------+

Top non-repeatable levels by time:
     D:4: 1280 daAuts
     D:1: 1038 daAuts
     D:5: 1023 daAuts
     D:3: 886 daAuts
     D:2: 734 daAuts
     D:6: 554 daAuts
   Sewer: 489 daAuts
     D:7: 478 daAuts
  Temple: 15 daAuts
